 Dungeon Crawl Stone Soup version 0.31.0-9-g3a7656b989 (webtiles) character file.

Game seed: 8586994410945755565

47 qw the Shooter (level 3, 0/18 HPs)
             Began as a Spriggan Hunter on Feb 2, 2024.
             Killed from afar by an orc wizard (9 damage)
             ... with a magic dart
             ... on level 2 of the Dungeon.
             The game lasted 00:00:03 (1016 turns).

qw the Shooter (Spriggan Hunter)                    Turns: 1016, Time: 00:00:03

Health: 0/18       AC:  2    Str:  7    XL:     3   Next: 48%
Magic:  4/4        EV: 19    Int: 10    God:
Gold:   72         SH:  0    Dex: 20    Spells: 2/2 levels left

rFire   . . .        a - +0 shortbow
rCold   . . .        (shield currently unavailable)
rNeg    . . .        c - +0 robe
rPois   .            (helmet restricted)
rElec   .            (no cloak)
rCorr   .            (gloves unavailable)
SInv    +            (boots unavailable)
Will    .....        (no amulet)
Stlth   +            (no ring)
HPRegen 0.23/turn    (no ring)
MPRegen 0.09/turn

%: no passive effects
@: confused, ambrosia-drunk, on berserk cooldown, slowed, quick
A: very small, no large weapons, unfitting armour, see invisible, speed 3
a: no special abilities


You were on level 2 of the Dungeon.
You visited 1 branch of the dungeon, and saw 2 of its levels.

You collected 72 gold pieces.


Innate Abilities, Weirdness & Mutations

You are very small and have problems with some larger weapons.
You are too small for most types of armour.
You have supernaturally acute eyesight. (SInv)
You cover ground extremely quickly. (Speed+++)


   Skills:
 - Level 1.5 Fighting
 + Level 4.7 Ranged Weapons
 - Level 4.0 Dodging
 - Level 1.5 Stealth


You had 2 spell levels left.
You didn't know any spells.
Your spell library was empty.

Inventory:

Hand Weapons
 a - a +0 shortbow (weapon)
Armour
 c - a +0 robe (worn)
 k - a +0 cloak
Scrolls
 b - a scroll of vulnerability {unknown}
 g - a scroll of teleportation {unknown}
 h - a scroll of revelation {unknown}
 i - 2 scrolls of identify {unknown}
Potions
 j - 2 potions of curing {unknown}

Dungeon Overview and Level Annotations

Branches:
Dungeon (2/15)

Altars:


Message History

Found a scroll labelled VAIGA OPTACAQ.
The orc wizard shouts!
You shoot an arrow. The arrow hits the orc wizard.
The orc wizard is lightly wounded.
An orc comes into view. It is wielding a +0 hand axe.
A dart slug comes into view.
You shoot an arrow. The arrow barely misses the orc wizard.
The orc shouts!
An orc comes into view. It is wielding a +0 war axe.
You shoot an arrow. The arrow barely misses the orc wizard.
The orc shouts!
The arrow hits the orc but does no damage.
You hear an angry hiss.
The dart slug briefly extends its eye-stalks.
The orc wizard gestures at you while chanting.
You are confused.
1010 ||| DRINKING dark potion.
It was a potion of heal wounds.
You feel much better.
An adder comes into view.
The orc wizard casts a spell at you. The magic dart hits you!
Ouch! That really hurt!
1011 ||| DRINKING murky brown potion.
It was a potion of berserk rage.
A red film seems to cover your vision as you go berserk!
You feel yourself moving faster!
You feel mighty!
You feel a strong urge to attack something.
You feel your anger nearly subside. The orc completely misses you.
You are no longer berserk.
You are exhausted.
You feel yourself slow down.
1016 ||| DRINKING inky potion.
It was a potion of ambrosia.
You are more confused.
You feel invigorated. The orc wizard barely misses you.
The orc completely misses you. The orc hits you with a +0 hand axe.
The orc wizard gestures at you while chanting.
The magic dart hits you!
Ouch! That really hurt!
You die...

#. .. ## #. #.
#.# .. # #. #.#
##o####...#
#oo@....#
#.S#..#### .?.w
##.# #.. ....
#.# #.# ... #.#
#.# .. #.# #.#
. #.## #.# #..#
##.#
...####.####..#


You could see an orc wizard, an adder, a dart slug and 2 orcs.

Vanquished Creatures
  3 dart slugs (D:1)
  A bat zombie (D:2)
  4 endoplasms (D:1)
  A giant cockroach (D:2)
  3 goblins
  4 hobgoblins
  7 jackals
  2 kobolds
  A quokka (D:2)
  3 ball pythons (D:2)
  3 bats (D:1)
  2 frilled lizards (D:1)
  3 rats
37 creatures vanquished.

Notes
Turn   | Place    | Note
-------+----------+-------------------------------------------
     0 | D:1      | qw the Spriggan Hunter began the quest for the Orb.
     0 | D:1      | Reached XP level 1. HP: 10/10 MP: 2/2
     0 | D:1      | 0 ||| qw: Version: 0.3-a-155-g5e7d8dd
     0 | D:1      | 0 ||| qw: Game counter: 1550
     0 | D:1      | 0 ||| qw: Melee chars always use a shield: true
     0 | D:1      | 0 ||| qw: God list: Okawaru
     0 | D:1      | 0 ||| qw: Allow faded altars: false
     0 | D:1      | 0 ||| qw: Do Orc after clearing Dungeon:15 true
     0 | D:1      | 0 ||| qw: Do second Lair branch before Depths: true
     0 | D:1      | 0 ||| qw: Lair rune preference: random
     0 | D:1      | 0 ||| qw: Goals: Normal
     0 | D:1      | 0 ||| PLANNING D:1-11
    45 | D:1      | Reached skill level 3 in Dodging
    85 | D:1      | Reached XP level 2. HP: 14/14 MP: 3/3
   375 | D:1      | Reached XP level 3. HP: 18/18 MP: 4/4
   683 | D:1      | 683 ||| DROPPING scroll of butterflies.
  1010 | D:2      | 1010 ||| DRINKING dark potion.
  1011 | D:2      | 1011 ||| DRINKING murky brown potion.
  1016 | D:2      | 1016 ||| DRINKING inky potion.
  1016 | D:2      | Killed from afar by an orc wizard

Levels and vault maps discovered:
D:1:      lightli_arrival_statue_moat, layout_loops_ring,
          hangedman_decor_clover_reticule, bh_walls_and_bars
D:2:      layout_rooms, serial_undead, serial_undead_c, serial_undead_a,
          serial_undead_b, serial_undead_f, kennysheep_generic_room_4

Skill      XL: |  1  2 |
---------------+-------+-----
Dodging        | 3 4 |  4.0
Fighting       | |  1.5
Ranged Weapons | |  4.7
Stealth        | |  1.5

Action                     || total
---------------------------++-------
   Fire: Shortbow          ||    84
    Use: Potion            ||     3
 Armour: Robe              ||     9
  Dodge: Dodged            ||    32

Table legend:
 A = Non-vault XP
 B = Vault XP
 C = Vault XP percentage of total XP
 D = Non-vault monster count
 E = Vault monster count
 F = Vault count percentage of total count
                 A         B        C        D         E       F
            +---------+---------+-------+---------+---------+-------
      Total |      64 |       4 |   5.9 |      35 |       2 |   5.4
            +---------+---------+-------+---------+---------+-------
        D:1 |      49 |       0 |   0.0 |      25 |       0 |   0.0
        D:2 |      15 |       4 |  21.1 |      10 |       2 |  16.7
            +---------+---------+-------+---------+---------+-------
